 Dungeon Crawl Stone Soup version 0.25-a0-84-g11f2770c52 (webtiles) character file.

Game seed: 10317629042078021146, levelgen mode: deterministic

2 Flugkiller the Ducker (level 1, -4/13 HPs)
             Began as a Deep Elf Abyssal Knight on Nov 7, 2019.
             Was a Follower of Lugonu.
             Slain by a hobgoblin
             ... wielding a +0 club
              (6 damage)
             ... on level 1 of the Dungeon.
             The game lasted 00:01:13 (182 turns).

Flugkiller the Ducker (Deep Elf Abyssal Knight)      Turns: 182, Time: 00:01:13

Health: -4/13      AC:  3    Str:  9    XL:     1   Next: 33%
Magic:  4/4        EV: 12    Int: 16    God:    Lugonu [*.....]
Gold:   8          SH:  0    Dex: 14    Spells: 0/0 levels left

rFire    . . .     SeeInvis .   a - +1 short sword
rCold    . . .     Gourm    .   (no shield)
rNeg     . . .     Faith    .   b - +0 leather armour
rPois    .         Spirit   .   (no helmet)
rElec    .         Reflect  .   (no cloak)
rCorr    .         Harm     .   (no gloves)
MR       .....                  (no boots)
Stlth    +.........             (no amulet)
HPRegen  0.04/turn              (no ring)
MPRegen  0.09/turn              (no ring)

@: no status effects
A: no striking features
a: Depart the Abyss, Renounce Religion


You were on level 1 of the Dungeon.
You worshipped Lugonu.
Lugonu was aware of your devotion.
You were not hungry.

You visited 1 branch of the dungeon, and saw 1 of its levels.
You visited the Abyss 1 time.

You collected 8 gold pieces.

Inventory:

Hand Weapons
 a - a +1 short sword (weapon)
Missiles
 d - 13 poisoned darts (quivered)
Armour
 b - a +0 leather armour (worn)
Comestibles
 c - a ration
 f - 5 chunks of flesh


   Skills:
 - Level 2.4 Fighting
 - Level 2.0 Short Blades
 - Level 0.7 Armour
 + Level 2.8 Dodging
 - Level 2.0 Invocations


You couldn't memorise any spells.
You didn't know any spells.
Your spell library was empty.

Dungeon Overview and Level Annotations

Branches:
Dungeon (1/15)

Altars:


Message History

You see here a frilled lizard skeleton.
A frilled lizard comes into view.
The frilled lizard hisses angrily.
You see here a poisoned dart.
You see here a poisoned dart.
You see here a poisoned dart.
You see here a hobgoblin skeleton.
A bat comes into view.
The bat moves out of view.
Found 8 gold pieces.
The bat hits you.
* * * LOW HITPOINT WARNING * * *
A dart slug comes into view.
You see here 8 gold pieces.
The bat hits you.
* * * LOW HITPOINT WARNING * * *
A rat comes into view.
The bat barely misses you.
Found a scroll labeled KEOMEU SIYQ.
A goblin comes into view. It is wielding a +0 club.
The bat barely misses you.
The goblin shouts!
The bat hits you but does no damage. The bat barely misses you.
Found a stone staircase leading down.
The bat hits you.
* * * LOW HITPOINT WARNING * * *
The rat twitches its whiskers.
The bat closely misses you. The bat hits you but does no damage.
The goblin enters a dispersal trap!
The hobgoblin blinks!
The rat blinks!
The bat blinks!
Unknown command.
You barely miss the bat. The bat closely misses you. The bat misses you.
Unknown command.
You barely miss the bat. The bat hits you but does no damage.
Unknown command.
The bat completely misses you. The bat barely misses you.
The bat barely misses you. The bat misses you. The bat closely misses you.
The bat barely misses you.
You closely miss the bat. The bat hits you but does no damage.
You hit the bat.
You kill the bat!
Lugonu accepts your kill.
The hobgoblin hits you but does no damage.
Unknown command.
You see here a bat corpse.
The hobgoblin hits you with a +0 club.
You die...

####..###.r...##.##......##......
.##..## ####.....##..##..##..##..
....## #.....##..##..##..##..
...r# ##....##..##..##..##..
....########.....##..##..##..##.)
.^........##.#†......##......##..
.......##.##.#.r....####....####.
....##.g.r......g#### ###### ##
?...####......g.@################
....# #...........÷...........%.
..... ..........#..#....##.######
...>###.........##.#.#(....# ###.
##........#......(#..##
#.........#.#÷###(#...#
..........#.#.# #(#g#......
.#..........#.# #r#.##.....
...........###...##.....


You could see a hobgoblin, a goblin and 2 rats.

Vanquished Creatures
  A hobgoblin (D:1)
  A bat (D:1)
  A frilled lizard (D:1)
3 creatures vanquished.

Notes
Turn   | Place    | Note
-------+----------+-------------------------------------------
     0 | Abyss:1  | Flugkiller the Deep Elf Abyssal Knight began the quest for
                  | the Orb.
     0 | Abyss:1  | Reached XP level 1. HP: 13/13 MP: 4/4
     6 | D:1      | Escaped the Abyss
   182 | D:1      | Slain by a hobgoblin

Levels and vault maps discovered:
D:1:      minmay_arrival_wavy_path, layout_rooms

Action                   || total
-------------------------++-------
Melee: Short sword       ||    18
Throw: Dart              ||     4
Armor: Leather armour    ||     7
Dodge: Dodged            ||    20

Table legend:
 A = Non-vault XP
 B = Vault XP
 C = Vault XP percentage of total XP
 D = Non-vault monster count
 E = Vault monster count
 F = Vault count percentage of total count
                 A         B        C        D         E       F
            +---------+---------+-------+---------+---------+-------
      Total |       4 |       0 |   0.0 |       3 |       0 |   0.0
            +---------+---------+-------+---------+---------+-------
        D:1 |       4 |       0 |   0.0 |       3 |       0 |   0.0
            +---------+---------+-------+---------+---------+-------
